PIO (24 & UNDER)
EAU CLAIRE ESQUIRES @ JASPER COUGARS
08/21/2029
 
TOP OF THE 1ST
Eau Claire Esquires batting - Pitching for Jasper Cougars : LHP Logan Brown
Pitching: LHP Logan Brown
Batting: RHB Jason Smith 0-0: Called Strike
0-1: Hit by Pitch
Batting: LHB Johnny Foley 0-0: Ball
1-0: Ball
2-0: Called Strike
2-1: Swinging Strike
2-2: Ball
3-2: Foul Ball, location: 2F
3-2: Foul Ball, location: 2F
3-2: Base on Balls
Jason Smith to second
Batting: RHB Gary Roberts 0-0: Called Strike
0-1: Ball
1-1: Ball
2-1: Ball
3-1: Fly out, F7 (Flyball, 7LSF)
Batting: LHB Steve Arnold 0-0: Foul Ball, location: 2F
0-1: Foul Ball, location: 2F
0-2: DOUBLE (Flyball, 8LXD)
Jason Smith scores
Johnny Foley to third
Batting: RHB Jonathan Jackson 0-0: Ball
1-0: Called Strike
1-1: Ball
2-1: Called Strike
2-2: Foul Ball, location: 2F
2-2: Ball
3-2: Ground out 1-3 (Groundball, 13)
Batting: RHB Jonathan Reynolds 0-0: Ground out 6-3 (Groundball, 6)
Top of the 1st over - 1 run, 1 hit, 0 errors, 2 left on base; Eau Claire 1 - Jasper 0
BOTTOM OF THE 1ST
Jasper Cougars batting - Pitching for Eau Claire Esquires : RHP Ángel Gil
Pitching: RHP Ángel Gil
Batting: RHB Ben Wilson 0-0: SINGLE (Groundball, 34D)
Batting: LHB John Miller 0-0: Ball
1-0: Called Strike
1-1: Grounds into double play, 4-6-3 (Groundball, 4)
Batting: RHB José Maldonado 0-0: Called Strike
0-1: Fly out, F9 (Flyball, 89D)
Bottom of the 1st over - 0 runs, 1 hit, 0 errors, 0 left on base; Eau Claire 1 - Jasper 0
TOP OF THE 2ND
Eau Claire Esquires batting - Pitching for Jasper Cougars : LHP Logan Brown
Batting: RHB Vincente Ramírez 0-0: Called Strike
0-1: Ball
1-1: Ball
2-1: Foul Ball, location: 2F
2-2: Ball
3-2: Strikes out swinging
Batting: RHB Tom McBride 0-0: Called Strike
0-1: Called Strike
0-2: Strikes out swinging
Batting: RHB Nick McIntyre 0-0: Ball
1-0: Foul Ball, location: 2F
1-1: Ball
2-1: Called Strike
2-2: Ground out 4-3 (Groundball, 4)
Top of the 2nd over - 0 runs, 0 hits, 0 errors, 0 left on base; Eau Claire 1 - Jasper 0
BOTTOM OF THE 2ND
Jasper Cougars batting - Pitching for Eau Claire Esquires : RHP Ángel Gil
Batting: RHB Júlio González 0-0: Called Strike
0-1: Ball
1-1: Ball
2-1: Foul Ball, location: 2F
2-2: Fly out, F6 (Line Drive, 56)
Batting: SHB Jerry Young 0-0: Ball
1-0: Fly out, F8 (Flyball, 8RD)
Batting: RHB Alberto Morín 0-0: Swinging Strike
0-1: Called Strike
0-2: Ball
1-2: Ball
2-2: Strikes out swinging
Bottom of the 2nd over - 0 runs, 0 hits, 0 errors, 0 left on base; Eau Claire 1 - Jasper 0
TOP OF THE 3RD
Eau Claire Esquires batting - Pitching for Jasper Cougars : LHP Logan Brown
Batting: RHB Jason Smith 0-0: Called Strike
0-1: Ball
1-1: Ball
2-1: Ball
3-1: Base on Balls
Batting: LHB Johnny Foley 0-0: Called Strike
0-1: Swinging Strike
0-2: 2-RUN HOME RUN (Flyball, 9LD), Distance : 315 ft
Batting: RHB Gary Roberts 0-0: Ball
1-0: Called Strike
1-1: Ground out 6-3 (Groundball, 4M)
Batting: LHB Steve Arnold 0-0: Ball
1-0: Swinging Strike
1-1: Ball
2-1: SOLO HOME RUN (Flyball, 8RXD), Distance : 425 ft
Batting: RHB Jonathan Jackson 0-0: Called Strike
0-1: Ball
1-1: Foul Ball, location: 2F
1-2: Ball
2-2: SINGLE (Line Drive, 4D)
Batting: RHB Jonathan Reynolds 0-0: Ball
1-0: Ball
2-0: Ball
3-0: Base on Balls
Jonathan Jackson to second
Batting: RHB Vincente Ramírez 0-0: Called Strike
0-1: Grounds into double play, 4-6-3 (Groundball, 4)
Top of the 3rd over - 3 runs, 3 hits, 0 errors, 1 left on base; Eau Claire 4 - Jasper 0
BOTTOM OF THE 3RD
Jasper Cougars batting - Pitching for Eau Claire Esquires : RHP Ángel Gil
Batting: SHB Lonnie Washington 0-0: Called Strike
0-1: Ball
1-1: Ball
2-1: Foul Ball, location: 2F
2-2: Ball
3-2: Ground out 4-3 (Groundball, 34D)
Batting: RHB Preston Manning 0-0: SINGLE (Groundball, 34D)
Batting: RHB Richie Sawyer 0-0: Ball
1-0: SINGLE (Groundball, 6MD)
Preston Manning to second
Batting: RHB Ben Wilson 0-0: Called Strike
0-1: Swinging Strike
0-2: Foul Ball, location: 2F
0-2: Grounds into double play, 4-6-3 (Groundball, 4M)
Bottom of the 3rd over - 0 runs, 2 hits, 0 errors, 1 left on base; Eau Claire 4 - Jasper 0
TOP OF THE 4TH
Eau Claire Esquires batting - Pitching for Jasper Cougars : LHP Logan Brown
Batting: RHB Tom McBride 0-0: SINGLE (Groundball, 6MD)
Batting: RHB Nick McIntyre 0-0: Ball
1-0: Foul Ball, location: 2F
1-1: DOUBLE (Flyball, 8RD)
Tom McBride to third
Runner from 3rd tries for Home, SAFE, throw made at trailing runner, OUT at third!
Batting: RHB Jason Smith 0-0: Called Strike
0-1: Swinging Strike
0-2: Strikes out swinging
Batting: LHB Johnny Foley 0-0: Ground out 6-3 (Groundball, 4M)
Top of the 4th over - 1 run, 2 hits, 0 errors, 0 left on base; Eau Claire 5 - Jasper 0
BOTTOM OF THE 4TH
Jasper Cougars batting - Pitching for Eau Claire Esquires : RHP Ángel Gil
Batting: LHB John Miller 0-0: Ground out 3-1 (Groundball, 34)
Batting: RHB José Maldonado 0-0: Ball
1-0: SINGLE (Flyball, 56D)
Batting: RHB Júlio González 0-0: Swinging Strike
0-1: Foul Ball, location: 2F
0-2: Strikes out swinging
Batting: SHB Jerry Young 0-0: Ball
1-0: Ball
2-0: Called Strike
2-1: SINGLE (Groundball, 4MD)
José Maldonado to second
Runner from 2nd tries for 3rd, SAFE, no throw
Batting: RHB Alberto Morín 0-0: Ball
1-0: Fly out, F7 (Flyball, 78M)
Bottom of the 4th over - 0 runs, 2 hits, 0 errors, 2 left on base; Eau Claire 5 - Jasper 0
TOP OF THE 5TH
Eau Claire Esquires batting - Pitching for Jasper Cougars : LHP Logan Brown
Batting: RHB Gary Roberts 0-0: Ball
1-0: Foul Ball, location: 2F
1-1: Fly out, F9 (Flyball, 9LS)
Batting: LHB Steve Arnold 0-0: Called Strike
0-1: Fly out, F6 (Popup, 6)
Batting: RHB Jonathan Jackson 0-0: Called Strike
0-1: Foul Ball, location: 2F
0-2: Ball
1-2: Strikes out swinging
Top of the 5th over - 0 runs, 0 hits, 0 errors, 0 left on base; Eau Claire 5 - Jasper 0
BOTTOM OF THE 5TH
Jasper Cougars batting - Pitching for Eau Claire Esquires : RHP Ángel Gil
Batting: SHB Lonnie Washington 0-0: Ball
1-0: Ball
2-0: Called Strike
2-1: Ground out 6-3 (Groundball, 56)
Batting: RHB Preston Manning 0-0: Called Strike
0-1: Ball
1-1: SINGLE (Line Drive, 8RS)
Batting: RHB Richie Sawyer 0-0: Ball
1-0: Ball
Wild Pitch!
Preston Manning to second
2-0: Ball
3-0: Called Strike
3-1: Base on Balls
Batting: RHB Ben Wilson 0-0: Ball
1-0: Swinging Strike
1-1: Swinging Strike
1-2: Ball
2-2: Fly out, F7 (Line Drive, 7S)
Batting: LHB John Miller 0-0: Ball
Passed Ball!
Preston Manning to third
Richie Sawyer to second
1-0: Called Strike
1-1: Ball
2-1: Ball
3-1: Ground out 4-3 (Groundball, 4)
Bottom of the 5th over - 0 runs, 1 hit, 0 errors, 2 left on base; Eau Claire 5 - Jasper 0
TOP OF THE 6TH
Eau Claire Esquires batting - Pitching for Jasper Cougars : LHP Logan Brown
Pitching: LHP Edgardo Reyes
Batting: RHB Jonathan Reynolds 0-0: Ball
1-0: Swinging Strike
1-1: Foul Ball, location: 2F
1-2: Ball
2-2: Ball
3-2: Base on Balls
Batting: RHB Vincente Ramírez 0-0: Fly out, F3 (Popup, 34S)
Batting: RHB Tom McBride 0-0: Ball
1-0: Called Strike
1-1: Ball
2-1: Foul Ball, location: 2F
2-2: Foul Ball, location: 2F
2-2: Ball
3-2: Strikes out looking
Jonathan Reynolds is caught stealing 2nd base
Batter strikes out.
Top of the 6th over - 0 runs, 0 hits, 0 errors, 0 left on base; Eau Claire 5 - Jasper 0
BOTTOM OF THE 6TH
Jasper Cougars batting - Pitching for Eau Claire Esquires : RHP Ángel Gil
Batting: RHB José Maldonado 0-0: Ground out 3-1 (Groundball, 34)
Batting: RHB Júlio González 0-0: Foul Ball, location: 2F
0-1: Foul Ball, location: 2F
0-2: Ball
1-2: Ball
2-2: Strikes out looking
Batting: SHB Jerry Young 0-0: Swinging Strike
0-1: Ball
1-1: Ball
2-1: Ground out 6-3 (Groundball, 56)
Bottom of the 6th over - 0 runs, 0 hits, 0 errors, 0 left on base; Eau Claire 5 - Jasper 0
TOP OF THE 7TH
Eau Claire Esquires batting - Pitching for Jasper Cougars : LHP Edgardo Reyes
Batting: RHB Nick McIntyre 0-0: Ball
1-0: Ball
2-0: Ball
3-0: Base on Balls
Batting: RHB Jason Smith 0-0: Ball
1-0: Ball
2-0: Called Strike
2-1: Foul Ball, location: 2F
2-2: SINGLE (Groundball, 56D)
Nick McIntyre to second
Batting: LHB Johnny Foley 0-0: Ball
1-0: Ball
2-0: Called Strike
2-1: Bunted foul
2-2: Ground out 6-3 (Groundball, 6MS)
Nick McIntyre to third
Jason Smith to second
Batting: RHB Gary Roberts 0-0: Foul Ball, location: 2F
0-1: Foul Ball, location: 2F
0-2: Ball
1-2: Ball
2-2: Strikes out swinging
Batting: LHB Steve Arnold 0-0: Ball
1-0: Ball
2-0: Swinging Strike
2-1: Called Strike
2-2: Strikes out swinging
Top of the 7th over - 0 runs, 1 hit, 0 errors, 2 left on base; Eau Claire 5 - Jasper 0
BOTTOM OF THE 7TH
Jasper Cougars batting - Pitching for Eau Claire Esquires : RHP Ángel Gil
Batting: RHB Alberto Morín 0-0: Ball
1-0: SINGLE (Line Drive, 7LM)
Batting: SHB Lonnie Washington 0-0: Ball
1-0: Ball
2-0: Foul Ball, location: 2F
2-1: Grounds into double play, 5-4-3 (Groundball, 56)
Batting: RHB Preston Manning 0-0: Called Strike
0-1: SINGLE (Flyball, 78S)
Batting: RHB Richie Sawyer 0-0: Ball
1-0: Foul Ball, location: 2F
1-1: Ball
2-1: Swinging Strike
2-2: Foul Ball, location: 2F
2-2: Strikes out looking and he ARGUES THE CALL AND IS TOSSED!
Bottom of the 7th over - 0 runs, 2 hits, 0 errors, 1 left on base; Eau Claire 5 - Jasper 0
TOP OF THE 8TH
Eau Claire Esquires batting - Pitching for Jasper Cougars : LHP Edgardo Reyes
Now in RF: Andrew Weatherly
Batting: RHB Jonathan Jackson 0-0: Called Strike
0-1: Swinging Strike
0-2: Ball
1-2: Foul Ball, location: 2F
1-2: Foul Ball, location: 2F
1-2: Strikes out looking
Batting: RHB Jonathan Reynolds 0-0: Fly out, F8 (Flyball, 8LS)
Batting: RHB Vincente Ramírez 0-0: Swinging Strike
0-1: Ground out 4-3 (Groundball, 4M)
Top of the 8th over - 0 runs, 0 hits, 0 errors, 0 left on base; Eau Claire 5 - Jasper 0
BOTTOM OF THE 8TH
Jasper Cougars batting - Pitching for Eau Claire Esquires : RHP Ángel Gil
Batting: RHB Ben Wilson 0-0: Called Strike
0-1: Foul Ball, location: 2F
0-2: Ball
1-2: DOUBLE (Line Drive, 78D)
Batting: LHB John Miller 0-0: Ball
Wild Pitch!
Ben Wilson to third
1-0: Foul Ball, location: 2F
1-1: Foul Ball, location: 2F
1-2: Foul Ball, location: 2F
1-2: Strikes out swinging
Pitching: RHP Pete O'Connor
Batting: RHB José Maldonado 0-0: Ball
1-0: Foul Ball, location: 2F
1-1: Ball
2-1: Foul Ball, location: 2F
2-2: Fly out, F7 (Flyball, 7LSF)
Runner from 3rd tags up, SCORES, no throw
Batting: RHB Júlio González 0-0: Ball
1-0: Ball
2-0: Ball
3-0: Base on Balls
Batting: SHB Jerry Young 0-0: Ground out 4-3 (Groundball, 34D)
Bottom of the 8th over - 1 run, 1 hit, 0 errors, 1 left on base; Eau Claire 5 - Jasper 1
TOP OF THE 9TH
Eau Claire Esquires batting - Pitching for Jasper Cougars : LHP Edgardo Reyes
Batting: RHB Tom McBride 0-0: Fly out, F8 (Flyball, 8LS)
Batting: RHB Nick McIntyre 0-0: Ball
1-0: Ball
2-0: Swinging Strike
2-1: Swinging Strike
2-2: Foul Ball, location: 2F
2-2: Strikes out swinging
Batting: RHB Jason Smith 0-0: Fly out, F9 (Flyball, 9D)
Top of the 9th over - 0 runs, 0 hits, 0 errors, 0 left on base; Eau Claire 5 - Jasper 1
BOTTOM OF THE 9TH
Jasper Cougars batting - Pitching for Eau Claire Esquires : RHP Pete O'Connor
Pitching: RHP Sam Faulkner
Batting: RHB Alberto Morín 0-0: Fly out, F5 (Line Drive, 5)
Batting: SHB Lonnie Washington 0-0: Called Strike
0-1: Called Strike
0-2: Hit by Pitch
Pinch Runner at 1st John Hutchins:
Batting: RHB Preston Manning 0-0: Ball
1-0: Ball
2-0: Ball
3-0: Base on Balls
John Hutchins to second
Batting: RHB Andrew Weatherly 0-0: Foul Ball, location: 2F
0-1: Swinging Strike
0-2: Ball
1-2: Foul Ball, location: 2F
1-2: Fielders Choice at 2nd, 3-6 (Groundball, 34)
John Hutchins to third
Batting: RHB Ben Wilson 0-0: Fly out, F7 (Line Drive, 78M)
Bottom of the 9th over - 0 runs, 0 hits, 0 errors, 2 left on base; Eau Claire 5 - Jasper 1
Saturday, December 16th, 2017 - OOTP Baseball 18.8 Build 76